 Dungeon Crawl Stone Soup version 0.21-a0-507-ga8f6b7a (webtiles) character file.

9092 Dawnplanks the Basher (level 11, -1/84 HPs)
             Began as a Demonspawn Abyssal Knight on Nov 27, 2017.
             Was a High Priest of Lugonu.
             Slain by a killer bee (5 damage)
             ... on level 9 of the Dungeon.
             The game lasted 01:08:16 (12307 turns).

Dawnplanks the Basher (Demonspawn Abyssal Knight)  Turns: 12307, Time: 01:08:17

Health: -1/84      AC:  3    Str: 18      XL:     11   Next: 18%
Magic:  14/14      EV: 10    Int: 14      God:    Lugonu [*****.]
Gold:   389        SH: 15    Dex: 13 (14) Spells: 10/10 levels left

rFire    . . .     SeeInvis .   r - +2 whip (elec)
rCold    + + +     Gourm    .   y - +0 large shield
rNeg     . . .     Faith    .   P - +0 leather armour of Pride {rPois Str+2 Int+5 Dex-3}
rPois    +         Spirit   .   (helmet restricted)
rElec    .         Reflect  .   (no cloak)
rCorr    .         Harm     .   (no gloves)
MR       .....                  (no boots)
Stlth    ++........             L - amulet of Hepeppir {RegenMP rC+++ Int-4 Dex+4 Stlth+}
HPRegen  0.24/turn              (no ring)
MPRegen  0.39/turn              (no ring)

@: lethally poisoned (-1 -> -7), vulnerable, very slightly contaminated
A: claws 2, hooves 1, horns 2, cold resistance 1, powered by pain 1
a: Depart the Abyss, Bend Space, Banish, Corrupt, Enter the Abyss, Renounce
Religion


You were on level 9 of the Dungeon.
You worshipped Lugonu.
Lugonu was extremely pleased with you.
You were hungry.

You visited 1 branch of the dungeon, and saw 9 of its levels.
You visited the Abyss 1 time.
You also visited: Sewer.

You collected 389 gold pieces.

Inventory:

Hand Weapons
 r - a +2 whip of electrocution (weapon)
 z - a +3 flail of crushing
 C - a +1 mace of protection
 E - a +2 hand axe of flaming
 J - a +0 blowgun
 R - a +4 dagger of chaos
Missiles
 o - 105 stones (quivered)
 G - 2 tomahawks
 K - 60 poisoned needles
 M - 6 tomahawks of returning
 Q - 2 needles of sleeping
Armour
 x - the +2 plate armour "Duubunwuni" {Stlth+}
   (You found it on level 5 of the Dungeon)

   It makes you more stealthy.
 y - a +0 large shield (worn)
 D - a +1 leather armour of cold resistance
 I - a +2 robe of magic resistance
 P - the +0 leather armour of Pride (worn) {rPois Str+2 Int+5 Dex-3}
   (You took it off an orc on level 8 of the Dungeon)

   It affects your strength (+2).
   It affects your intelligence (+5).
   It affects your dexterity (-3).
   It protects you from poison.
Jewellery
 L - the amulet of Hepeppir (around neck) {RegenMP rC+++ Int-4 Dex+4 Stlth+}
   (You found it on level 8 of the Dungeon)

   [amulet of magic regeneration]

   It increases your magic regeneration.
   It affects your intelligence (-4).
   It affects your dexterity (+4).
   It renders you almost immune to cold.
   It makes you more stealthy.
Wands
 a - a wand of scattershot (5)
 b - a wand of iceblast (15)
 i - a wand of clouds (3)
 l - a wand of flame (10)
 w - a wand of acid (10)
 B - a wand of digging (19)
Scrolls
 e - 3 scrolls of teleportation
 f - a scroll of fog
 j - 2 scrolls of random uselessness
 k - 4 scrolls of remove curse
 p - a scroll of immolation
 s - a scroll of enchant weapon
 u - a scroll of blinking
 v - 5 scrolls of identify
 H - 2 scrolls of noise
Potions
 g - 2 potions of degeneration
 m - a potion of mutation
 n - 7 potions of flight
 F - a potion of brilliance
 N - a potion of resistance
 O - a potion of agility
Books
 A - a book of Callings

   Spells                             Type                      Level
   a - Summon Small Mammal            Summoning                    1
   b - Call Imp                       Summoning                    2
   c - Call Canine Familiar           Summoning                    3
   d - Summon Guardian Golem          Hexes/Summoning              3
   e - Summon Lightning Spire         Summoning/Air                4
   f - Summon Ice Beast               Ice/Summoning                4
Comestibles
 c - 8 bread rations
 h - 9 fruits
 t - 4 meat rations
 S - 2 royal jellies


   Skills:
 + Level 7.2 Fighting
 + Level 4.5 Short Blades
 + Level 8.6 Maces & Flails
 + Level 2.6 Throwing
 + Level 6.0 Armour
 + Level 4.6 Dodging
 + Level 1.5 Stealth
 + Level 7.1 Shields
 + Level 4.4 Invocations
 + Level 1.1 Evocations


You had 10 spell levels left.
You didn't know any spells.

Dungeon Overview and Level Annotations

Branches:
Dungeon (9/15)             Temple (0/1) D:7
   Lair: D:8-11         Orc: D:9-12

Altars:
Ashenzari
Cheibriados
Fedhas
Nemelex Xobeh
Okawaru
Qazlal
Ru
Trog
Uskayaw
Vehumet
Wu Jian
Xom
Zin

Shops:
D:5 !


Innate Abilities, Weirdness & Mutations

You have very sharp fingernails.
You have large cloven feet.
You have a pair of horns on your head.
Your flesh is cold resistant. (rC+)
You sometimes gain a little power by taking damage.


Message History

The creatures around you are filled with an inner flame!
It was a scroll of immolation.
* * * LOW HITPOINT WARNING * * *
You feel sick.
As you read the scroll labeled JIF ATAEFI, it crumbles to dust.
You speak a Word of immense power!
You are blasted by holy energy!
* * * LOW HITPOINT WARNING * * *
It was a scroll of holy word.
* * * LOW HITPOINT WARNING * * *
You feel sick. You block the killer bee's attack.
A killer bee comes into view.
As you read the scroll labeled IBYZUI GACLO, it crumbles to dust.
The killer bee buzzes angrily.
Magic quickly surges around you.
It was a scroll of vulnerability.
* * * LOW HITPOINT WARNING * * *
You feel sick. You block the killer bee's attack. x2
You barely miss the killer bee. Your kick misses the killer bee.
The killer bee is almost dead.
The killer bee barely misses you. The killer bee stings you.
You die...

#.# ..# #%# #..#
#%##..# #....#
###y..#
...####...y.#
...........y#
##.###.###y# ## #.#
#...y@# .#
.###.###.#####
.###.........#
....>###.###.#
.##### #.# #.# .#
#.# #.# .#######.#
#.# .........# #.#
.###.###.###.######


You could see 5 killer bees.

Vanquished Creatures
  2 two-headed ogres
  The ghost of Hafrunt the Cleaver, a novice MiBe of Trog (D:7)
  Pikel (D:7)
  Joseph (D:7)
  Psyche (D:8)
  The ghost of smazza the Poker, a novice MfSk (D:6)
  A queen bee (D:9)
  The ghost of Dysjunc the Skirmisher, an amateur GnWn (D:3)
  A hornet (D:9)
  Grinder (D:6)
  A hungry ghost (D:9)
  Edmund (D:3)
  Duvessa (D:4)
  2 orc warriors
  An eye of draining (D:9)
  2 sky beasts
  A black bear (D:6)
  3 ogres
  2 phantoms
  5 necrophages (D:8)
  2 big kobolds
  2 centaurs
  6 bullfrogs
  A water moccasin zombie (D:8)
  Dowan (D:4)
  6 killer bees (D:9)
  3 scorpions
  5 crimson imps
  2 bullfrog zombies
  8 hounds
  2 quasits
  3 jellies
  5 orc priests
  A centaur skeleton (D:9)
  A bullfrog skeleton (D:7)
  A gnoll shaman (D:9)
  3 iguanas
  9 orc wizards
  6 worker ants
  2 killer bee zombies
  A hound zombie (D:6)
  2 hound skeletons
  7 gnolls
  4 adders
  A howler monkey skeleton (D:4)
  3 shadow imps
  2 adder zombies
  An adder skeleton (D:9)
  2 worms (D:3)
  3 leopard geckos
  41 orcs
  7 bats
  3 giant cockroaches
  6 goblins
  2 hobgoblins (D:1)
  16 jackals
  6 quokkas
  2 ball pythons
  7 frilled lizards
  A jackal zombie (D:6)
  10 kobolds
  2 quokka skeletons
  8 rats
  A bush (D:8)
  A plant (D:8)
238 creatures vanquished.

Vanquished Creatures (others)
  A two-headed ogre (D:8)
  A slave (D:7)
  A big kobold (D:7)
  A worker ant (D:7)
  A kobold (D:7)
  3 plants (D:8)
8 creatures vanquished.

Grand Total: 246 creatures vanquished

Notes
Turn   | Place    | Note
-------+----------+-------------------------------------------
     0 | Abyss:1  | Dawnplanks the Demonspawn Abyssal Knight began the quest for the Orb.
     0 | Abyss:1  | Reached XP level 1. HP: 18/18 MP: 2/2
   148 | Abyss:1  | Noticed a manticore
   149 | D:1      | Escaped the Abyss
   218 | D:1      | Reached * piety under Lugonu
   222 | D:1      | Gained mutation: Your flesh is cold resistant. (rC+) [demonic ancestry]
   222 | D:1      | Reached XP level 2. HP: 19/24 MP: 3/3
   228 | D:1      | Reached skill level 1 in Dodging
  1205 | D:2      | Found a bloodstained altar of Trog.
  1213 | D:2      | Reached XP level 3. HP: 18/29 MP: 4/4
  1260 | D:2      | Reached skill level 2 in Maces & Flails
  1410 | D:2      | Found a sacrificial altar of Ru.
  1834 | D:3      | Found a sparkling altar of Nemelex Xobeh.
  1859 | D:3      | Found a glowing drain.
  1879 | D:3      | Reached ** piety under Lugonu
  1960 | Sewer    | Entered a sewer
  1963 | Sewer    | Reached skill level 1 in Short Blades
  2021 | Sewer    | Noticed a big kobold
  2039 | Sewer    | Gained mutation: You have a pair of small horns on your head. [demonic ancestry]
  2039 | Sewer    | Reached XP level 4. HP: 36/37 MP: 5/5
  2060 | Sewer    | Killed a big kobold
  2060 | Sewer    | Gained mutation: You sometimes gain a little power by taking damage. [demonic ancestry]
  2060 | Sewer    | Reached XP level 5. HP: 30/42 MP: 6/6
  2299 | Sewer    | Found a white marble altar of Elyvilon.
  2479 | D:3      | Noticed Dysjunc's ghost (amateur GnWn)
  2529 | D:3      | Killed Dysjunc's ghost
  2529 | D:3      | Gained mutation: You have sharp fingernails. [demonic ancestry]
  2529 | D:3      | Reached XP level 6. HP: 30/49 MP: 7/7
  3222 | D:3      | Reached skill level 1 in Shields
  3286 | D:4      | Noticed Edmund
  3318 | D:3      | Killed Edmund
  3318 | D:3      | Gained mutation: You have very sharp fingernails. [demonic ancestry]
  3318 | D:3      | Reached XP level 7. HP: 36/55 MP: 8/8
  3661 | D:4      | Found a glowing silver altar of Zin.
  4049 | D:4      | Noticed Duvessa
  4049 | D:4      | Noticed Dowan
  4072 | D:4      | Killed Duvessa
  4079 | D:4      | Killed Dowan
  4079 | D:4      | Reached skill level 3 in Maces & Flails
  4759 | D:4      | Found a stormy altar of Qazlal.
  5075 | D:4      | Found a hide-covered altar of Uskayaw.
  5082 | D:4      | Found an iron altar of Okawaru.
  5391 | D:5      | Entered Level 5 of the Dungeon
  5397 | D:4      | Reached *** piety under Lugonu
  5436 | D:5      | Gained mutation: You have a pair of horns on your head. [demonic ancestry]
  5436 | D:5      | Reached XP level 8. HP: 57/61 MP: 9/9
  6038 | D:5      | Reached skill level 1 in Stealth
  6076 | D:5      | Reached skill level 4 in Maces & Flails
  6301 | D:5      | Got a transparent plate armour
  6312 | D:5      | Identified the +2 plate armour "Duubunwuni" {Stlth+} (You found it on level 5 of the Dungeon)
  6316 | D:5      | Found Morucoe's Distillery.
  6479 | D:5      | Found a radiant altar of Vehumet.
  6484 | D:5      | Found a shattered altar of Ashenzari.
  6742 | D:6      | Reached skill level 5 in Fighting
  6762 | D:6      | Noticed Grinder
  6769 | D:6      | Paralysed by Grinder for 2 turns
  6778 | D:6      | Killed Grinder
  6979 | D:6      | Found a snail-covered altar of Cheibriados.
  6999 | D:6      | Reached skill level 5 in Maces & Flails
  7037 | D:6      | Reached **** piety under Lugonu
  7214 | D:6      | Reached XP level 9. HP: 63/68 MP: 11/11
  7255 | D:6      | Noticed smazza's ghost (novice MfSk)
  7282 | D:6      | Killed smazza's ghost
  7782 | D:7      | Noticed Hafrunt's ghost (novice MiBe)
  7823 | D:7      | Killed Hafrunt's ghost
  7823 | D:7      | Reached skill level 6 in Maces & Flails
  8097 | D:7      | Found a staircase to the Ecumenical Temple.
  8156 | D:7      | Noticed Joseph
  8165 | D:7      | Reached skill level 1 in Evocations
  8182 | D:7      | Killed Joseph
  8182 | D:7      | Reached skill level 5 in Armour
  8182 | D:7      | Reached skill level 5 in Shields
  8591 | D:7      | Reached XP level 10. HP: 64/76 MP: 12/12
  8638 | D:7      | Noticed Pikel
  8650 | D:7      | Killed Pikel
  8650 | D:7      | Reached skill level 7 in Maces & Flails
  8650 | D:7      | Reached skill level 1 in Throwing
  9336 | D:8      | Noticed a two-headed ogre
  9350 | D:8      | Killed a two-headed ogre
  9516 | D:8      | Reached ***** piety under Lugonu
  9563 | D:8      | Found a shimmering altar of Xom.
  9568 | D:8      | Noticed a two-headed ogre
  9586 | D:8      | Banished a two-headed ogre
  9928 | D:8      | Got a scintillating tin amulet
  9929 | D:8      | Identified the amulet of Hepeppir {RegenMP rC+++ Int-4 Dex+4 Stlth+} (You found it on level 8 of the Dungeon)
 10088 | D:8      | Found a blossoming altar of Fedhas.
 10172 | D:8      | Reached skill level 8 in Maces & Flails
 10324 | D:8      | Got a shimmering leather armour
 10335 | D:8      | Identified the cursed +0 leather armour of Pride {rPois Str+2 Int+5 Dex-3} (You took it off an orc on level 8 of the Dungeon)
 10491 | D:8      | Noticed Psyche
 10495 | D:8      | Killed Psyche
 10623 | D:8      | Found an ornate altar of the Wu Jian Council.
 10623 | D:8      | Found a bloodstained altar of Trog.
 10811 | D:9      | Noticed a two-headed ogre
 10825 | D:9      | Killed a two-headed ogre
 10825 | D:9      | Gained mutation: You have large cloven feet. [demonic ancestry]
 10825 | D:9      | Reached XP level 11. HP: 38/83 MP: 14/14
 11187 | D:9      | Paralysed by a hornet for 3 turns
 12305 | D:9      | HP: 4/84 [poisoned by a killer bee]
 12307 | D:9      | Slain by a killer bee

Vault maps used:
D:1:      lightli_arrival_quake
D:2:      nicolae_ru_sacrificial_ziggurat, first_bread, trog_butcher_becter
D:3:      lemuel_doored_altar, cheibrodos_sewer_entry_sluice, kennysheep_boxes
D:4:      kennysheep_little_box, amethyst_overflow_temple_binary,
          lemuel_coloured_pillars_altar, uniq_edmund, uniq_duvessa
D:5:      minitemple, serial_shops, nicolae_shop_crystal
D:6:      old_standard_altar, minivault_23, uniq_grinder
D:7:      minmay_temple_entry_mist, uniq_joseph, uniq_pikel
D:8:      fedhas_altar_decomposition, brannock_xom_greatest_gift,
          gammafunk_temple_overflow_wave, uniq_psyche
D:9:      david_nohive_1
Sewer:    sewer_kobolds

Skill      XL: |  1  2  3  4  5  6  7  8  9 10 11 |
---------------+----------------------------------+-----
Armour         | 2 3 4 5 6 |  6.0
Dodging        | 1 2 3 4 |  4.6
Maces & Flails | 2 3 5 6 8 |  8.6
Short Blades   | 1 2 3 4 |  4.5
Fighting       | 4 5 6 7 |  7.2
Shields        | 1 2 3 5 6 7 |  7.1
Stealth        | 1 |  1.5
Invocations    | 3 4 |  4.4
Evocations     | 1 |  1.1
Throwing       | 2 |  2.6

Action                   |  1- 3 |  4- 6 |  7- 9 | 10-12 || total
-------------------------+-------+-------+-------+-------++-------
Melee: Mace              |    18 |       |       |       ||    18
       Short sword       |   126 |   115 |     1 |       ||   242
       Headbutt          |       |     9 |    60 |    84 ||   153
       Flail             |       |       |   403 |    12 ||   415
       Whip              |       |       |       |   343 ||   343
       Kick              |       |       |       |    26 ||    26
Throw: Throwing net      |       |     1 |       |       ||     1
       Stone             |       |       |    13 |    53 ||    66
Invok: Depart the Abyss  |     1 |       |       |       ||     1
       Bend Space        |       |       |     4 |     2 ||     6
       Banish            |       |       |       |     2 ||     2
Evoke: Wand              |       |       |     6 |       ||     6
  Use: Potion            |       |     7 |     3 |     2 ||    12
       Scroll            |       |     3 |     9 |     7 ||    19
 Stab: Sleeping          |       |       |     1 |       ||     1
  Eat: Royal jelly       |     1 |     1 |     1 |       ||     3
       Chunk             |     1 |     3 |    11 |     7 ||    22
       Fruit             |       |       |     5 |     6 ||    11
Armor: Leather armour    |    23 |       |    22 |     1 ||    46
       Chain mail        |    58 |    39 |    35 |       ||   132
       Skin              |       |    46 |    42 |       ||    88
       Plate armour      |       |       |   195 |   107 ||   302
Dodge: Dodged            |    69 |    13 |    52 |    32 ||   166
Block: Large shield      |       |    24 |   330 |   245 ||   599

Table legend:
 A = Spawn XP
 B = Non-spawn XP
 C = Spawn XP percentage of total XP
 D = Spawn monster count
 E = Non-spawn monster count
 F = Spawn count percentage of total count
 G = Total turns spent on level
                    A         B        C        D         E        F      G
               +---------+---------+-------+---------+---------+-------+---------
         Total |       0 |   12989 |   0.0 |       0 |     237 |   0.0 | 12307
               +---------+---------+-------+---------+---------+-------+---------
           D:1 |       0 |      34 |   0.0 |       0 |      18 |   0.0 |   917
           D:2 |       0 |      31 |   0.0 |       0 |      13 |   0.0 |   692
           D:3 |       0 |     638 |   0.0 |       0 |      19 |   0.0 |  1410
           D:4 |       0 |     579 |   0.0 |       0 |      27 |   0.0 |  1847
           D:5 |       0 |     407 |   0.0 |       0 |      18 |   0.0 |  1184
           D:6 |       0 |    1527 |   0.0 |       0 |      28 |   0.0 |  1429
           D:7 |       0 |    3231 |   0.0 |       0 |      28 |   0.0 |  1288
           D:8 |       0 |    3312 |   0.0 |       0 |      37 |   0.0 |  1388
           D:9 |       0 |    3114 |   0.0 |       0 |      39 |   0.0 |  1620
         Sewer |       0 |     116 |   0.0 |       0 |      10 |   0.0 |   383
               +---------+---------+-------+---------+---------+-------+---------
